 Dungeon Crawl Stone Soup version 0.31-a0-154-g56bf346678 (webtiles) character file.

Game seed: 8517969226676784099

23 SigmundSlayer the Trooper (level 2, 0/24 HPs)
             Began as a Demonspawn Fighter on June 11, 2023.
             Slain by a gnoll
             ... wielding a +0 halberd
              (8 damage)
             ... on level 2 of the Dungeon.
             The game lasted 00:01:12 (838 turns).

SigmundSlayer the Trooper (Demonspawn Fighter)       Turns: 838, Time: 00:01:12

Health: 0/24       AC:  9    Str: 16    XL:     2   Next: 75%
Magic:  2/2        EV:  8    Int:  9    God:
Gold:   53         SH:  5    Dex: 14    Spells: 1/1 levels left

rFire   . . .        a - +0 war axe
rCold   . . .        c - +0 buckler
rNeg    . . .        b - +0 scale mail
rPois   +            (no helmet)
rElec   .            (no cloak)
rCorr   .            (no gloves)
SInv    .            n - +2 pair of boots
Will    +....        (no amulet)
Stlth   +            m - ring of poison resistance
HPRegen 0.24/turn    (no ring)
MPRegen 0.08/turn

%: no passive effects
@: enlightened, flying
A: thin skeletal structure 1
a: no special abilities


You were on level 2 of the Dungeon.
You visited 1 branch of the dungeon, and saw 2 of its levels.

You collected 53 gold pieces.

Inventory:

Hand Weapons
 a - a +0 war axe (weapon)
Armour
 b - a +0 scale mail (worn)
 c - a +0 buckler (worn)
 n - a +2 pair of boots (worn)
Jewellery
 h - a ring of magical power
 m - a ring of poison resistance (left hand)
Scrolls
 f - 2 scrolls of immolation {unknown}
 g - a scroll of noise {unknown}
 i - a scroll of vulnerability {unknown}
 j - 2 scrolls of identify {unknown}
 l - 2 scrolls of poison {unknown}
Potions
 d - a potion of might
 k - a potion of cancellation {unknown}


   Skills:
 + Level 3.2 Fighting
 + Level 2.1 Axes
 + Level 3.0 Armour
 + Level 2.9 Shields


You had one spell level left.
You didn't know any spells.
Your spell library contained the following spells:

 Spells                   Type           Power      Damage    Failure   Level
 Gell's Gravitas          Tloc           0%         N/A       99%         3
 Teleport Other           Tloc           0%         N/A       99%         3
 Dispersal                Tloc           0%         N/A       100%        6


Dungeon Overview and Level Annotations

Branches:
Dungeon (2/15)

Altars:

Shops:
D:1 :


Innate Abilities, Weirdness & Mutations

You have a somewhat thin skeletal structure. (Dex +2, Stealth+)


Message History

No target in view!
No target in view!
You see here a ball python corpse.
There is a faded altar of an unknown god here.
This altar belongs to (a) Fedhas, (b) Ignis or (c) Yredelemnul, but you can't tell which.
Press the corresponding letter to learn more about a god, or press enter to convert or escape to cancel.
Okay, then.
j - 2 scrolls labelled HIUXAU VASOES (gained 1)
A gnoll comes into view. It is wielding a +0 hand axe.
You see here a +2 pair of boots.
A gnoll comes into view. It is wielding a +0 club.
Found a stone staircase leading down.
The gnoll shouts!
You hear an angry hiss.
A gnoll comes into view. It is wielding a +0 halberd.
A kobold comes into view. It is wielding a staff of poison.
Found a dagger.
The kobold shouts!
A ball python comes into view.
A ball python comes into view.
You see here a +2 pair of boots.
n - a +2 pair of boots You start putting on your armour.
You continue putting on your +2 pair of boots.
The gnoll barely misses you. x2
You continue putting on your +2 pair of boots.
The gnoll hits you with a +0 club.
Keep equipping yourself?
The gnoll hits you from afar with a +0 halberd!
You continue putting on your +2 pair of boots.
The gnoll barely misses you. You block the gnoll's attack.
You continue putting on your +2 pair of boots.
The gnoll hits you with a +0 club.
The gnoll hits you from afar with a +0 halberd.
You finish putting on your +2 pair of boots.
Unknown command.
It was a potion of enlightenment.
You feel very buoyant.
You fly up into the air.
You block the gnoll's attack. The gnoll hits you with a +0 hand axe.
The gnoll hits you from afar with a +0 halberd!
You die...

#.. . #... ..# >. #.#.
##.## ... #.#) #...
.... #....##..##.....
#.......gg.S#... #..
#......K..
#g###S#####... #.@ggS.#
#####..# . #####..# ...
####......# #.#
#.........# #.#
##.#.#.#.#.# ###.##
#..........# #.....
#..#.#.#.#.#######.....
#.............#........


You could see 3 gnolls and 2 ball pythons.

Vanquished Creatures
  3 ball pythons
  4 endoplasms (D:1)
  2 giant cockroaches (D:1)
  A goblin (D:1)
  3 hobgoblins (D:2)
  2 jackals (D:1)
  A bat (D:1)
  A frilled lizard (D:1)
  2 rats
19 creatures vanquished.

Notes
Turn   | Place    | Note
-------+----------+-------------------------------------------
     0 | D:1      | SigmundSlayer the Demonspawn Fighter began the quest for
                  | the Orb.
     0 | D:1      | Reached XP level 1. HP: 18/18 MP: 1/1
   199 | D:1      | Gained mutation: You have a somewhat thin skeletal
                  | structure. (Dex +2, Stealth+) [demonic ancestry]
   199 | D:1      | Reached XP level 2. HP: 24/24 MP: 2/2
   471 | D:1      | Found Nogexus's Book Emporium.
   778 | D:2      | Found a faded altar of an unknown god.
   838 | D:2      | Slain by a gnoll

Illustrated notes

Levels and vault maps discovered:
D:1:      spicycebolla_arrival_clurvy, layout_basic, serial_shops,
          nicolae_shop_hallway_stairs
D:2:      layout_loops_ring, serial_glass, glass_columns_a, glass_columns_c,
          basic_ecumenical_altar, uniq_natasha

Skill      XL: |  1  2 |
---------------+-------+-----
Axes           | 2 |  2.1
Armour         | 3 |  3.0
Fighting       | |  3.2
Shields        | |  2.9

Action                     || total
---------------------------++-------
  Melee: War axe           ||    49
    Use: Potion            ||     1
 Armour: Scale mail        ||    22
  Dodge: Dodged            ||    25
  Block: Buckler           ||    10

Table legend: (Time is in decaauts)
 A = Elapsed time spent in this place.
 B = Non-inter-level travel time spent in this place.
 C = Inter-level travel time spent in this place.
 D = Time resting spent in this place.
 E = Time spent auto-exploring this place.
 F = Levels seen in this place.
 G = Mean time per level.
                   A        B        C        D        E       F      G
               +--------+--------+--------+--------+--------+-----+--------+
         Total |    858 |    832 |     26 |     72 |    584 |   2 |  429.0 |
       Dungeon |    858 |    832 |     26 |     72 |    584 |   2 |  429.0 |
               +--------+--------+--------+--------+--------+-----+--------+

Top non-repeatable levels by time:
     D:1: 707 daAuts
     D:2: 150 daAuts
